 Dungeon Crawl Stone Soup version 0.27.1-4-g1640c2035a (webtiles) character file.

Game seed: 5654172853443803034

355 zeram the Covered (level 6, -8/35 HPs)
             Began as a Gargoyle Fighter on Nov 13, 2021.
             Mangled by a hornet (13 damage)
             ... on level 5 of the Dungeon.
             The game lasted 00:05:27 (2173 turns).

zeram the Covered (Gargoyle Fighter)                Turns: 2173, Time: 00:05:28

Health: -8/35      AC: 17    Str: 21      XL:     6   Next: 63%
Magic:  6/6        EV:  7    Int: 11      God:
Gold:   946        SH:  9    Dex:  8 (9)  Spells: 5/5 levels left

rFire    . . .     SeeInvis .   d - +2 mace (vorpal)
rCold    . . .     Faith    .   c - +0 kite shield
rNeg     + . .     Spirit   .   b - +0 scale mail
rPois    ∞         Reflect  .   (no helmet)
rElec    +         Harm     .   (no cloak)
rCorr    .         Rampage  .   (no gloves)
Will     .....                  (no boots)
Stlth    ..........             (no amulet)
HPRegen  0.11/turn              f - +4 ring of protection
MPRegen  0.10/turn              (no ring)

@: no status effects
A: sickness immunity, AC +4, negative energy resistance 1, electricity
resistance, torment resistance 1, petrification resistance, iridescent scales 1,
clever 1, deterioration 1, frail 1
a: no special abilities


You were on level 5 of the Dungeon.
You visited 1 branch of the dungeon, and saw 5 of its levels.

You collected 946 gold pieces.

Inventory:

Hand Weapons
 a - a +0 flail
 d - a +2 vorpal mace (weapon)
Armour
 b - a +0 scale mail (worn)
 c - a +0 kite shield (worn)
Jewellery
 f - a +4 ring of protection (left hand)
Wands
 e - a wand of acid (10)
Scrolls
 h - a scroll of amnesia
 i - a scroll of teleportation
Potions
 k - 3 potions of curing
 l - a potion of resistance {unknown}


   Skills:
 - Level 4.5 Fighting
 - Level 2.0 Maces & Flails
 - Level 4.6 Armour
 - Level 4.6 Shields
 * Level 3.4 Summonings


You had 5 spell levels left.
You didn't know any spells.
Your spell library contained the following spells:

 Spells                   Type           Power      Damage    Failure   Level
 Wereblood                Tmut           0%         N/A       99%         2
 Summon Guardian Golem    Hex/Summ       3%         N/A       99%         3
 Borgnjor's Vile Clutch   Necr/Erth      0%         N/A       100%        5
 Summon Forest            Summ/Tloc      1%         N/A       100%        5
 Summon Hydra             Summ           3%         N/A       100%        7
 Sublimation of Blood     Necr           Unusable   N/A       N/A         2

Dungeon Overview and Level Annotations

Branches:
Dungeon (5/15)
 Temple: D:4-7

Altars:
Ru
Zin


Innate Abilities, Weirdness & Mutations

You are immune to sickness and miasma.
Your stone body is resilient. (AC +4)
You are immune to poison.
You resist negative energy. (rN+)
You are resistant to electric shocks. (rElec)
You are resistant to unholy torment.
You are immune to petrification.
You are partially covered in iridescent scales. (AC +2)
Your mind is acute. (Int +2)
Your body sometimes deteriorates upon taking damage.
You are frail. (-10% HP)


Message History

You barely miss the killer bee.
The killer bee is almost dead.
You block the killer bee's attack. x3
You closely miss the killer bee.
The killer bee is almost dead.
You block the killer bee's attack. The killer bee barely misses you.
The killer bee stings you but does no damage.
Your shield and scale mail prevent you from hitting the killer bee.
The killer bee is almost dead.
The killer bee stings you but does no damage. x2
You block the killer bee's attack.
Unknown command.
You closely miss the killer bee.
The killer bee is severely wounded.
You block the killer bee's attack.
The killer bee stings you but does no damage. x2
You miss the killer bee.
The killer bee is severely wounded.
You block the killer bee's attack.
The killer bee stings you but does no damage.
The killer bee stings you.
* * * LOW HITPOINT WARNING * * *
Your shield prevents you from hitting the killer bee.
The killer bee is severely wounded.
You block the killer bee's attack.
The killer bee stings you but does no damage. x2
Unknown command.
You block the killer bee's attack.
The killer bee stings you but does no damage.
The killer bee stings you but does no damage.
The killer bee stings you but does no damage.
You block the killer bee's attack. The killer bee stings you.
* * * LOW HITPOINT WARNING * * *
The killer bee barely misses you.
The killer bee stings you but does no damage.
There is a stone staircase leading up here.
The killer bee stings you but does no damage.
The hornet stings you!
You die...

##.## ##...## #
##.....#########.###
#..........Zo..?....
##.....#####........
##..W## #s...#...
..######.## #...#(#
.......yy# #W.#...#
########@# #.......
#.# #....#... #.#
#...# #.. #.# #..#.
#. #.# #.# #.# #.#
#.#


You could see a hornet, a phantom and a killer bee.

Vanquished Creatures
  An ice beast (D:4)
  A scorpion (D:5)
  A hound (D:4)
  An orc priest (D:4)
  Terence (D:2)
  An orc wizard (D:3)
  4 adders
  2 worms
  2 orcs (D:3)
  2 bats
  5 endoplasms (D:4)
  3 giant cockroaches
  3 goblins
  5 hobgoblins
  6 kobolds
  2 quokkas
  4 ball pythons
  A frilled lizard (D:1)
  3 rats (D:1)
48 creatures vanquished.

Notes
Turn   | Place    | Note
-------+----------+-------------------------------------------
     0 | D:1      | zeram the Gargoyle Fighter began the quest for the Orb.
     0 | D:1      | Reached XP level 1. HP: 14/14 MP: 1/1
    86 | D:1      | Got the Tome of Stones and the Escort
   200 | D:1      | Reached XP level 2. HP: 19/19 MP: 2/2
   802 | D:1      | Identified a scroll of acquirement
   802 | D:1      | Acquired 877 gold pieces
   815 | D:2      | Noticed Terence
   822 | D:2      | Killed Terence
   823 | D:2      | Reached XP level 3. HP: 17/24 MP: 3/3
  1003 | D:2      | Reached XP level 4. HP: 28/29 MP: 4/4
  1093 | D:2      | You fall into a shaft and drop 2 floors!
  1199 | D:4      | Reached XP level 5. HP: 22/34 MP: 5/5
  1318 | D:4      | Found a sacrificial altar of Ru.
  1505 | D:4      | Found a glowing silver altar of Zin.
  1849 | D:4      | Reached skill level 1 in Summonings
  2024 | D:5      | Entered Level 5 of the Dungeon
  2024 | D:5      | Noticed an ice beast
  2049 | D:4      | Killed an ice beast
  2050 | D:4      | Reached XP level 6. HP: 35/39 MP: 6/6
  2139 | D:5      | Noticed a hornet
  2143 | D:5      | Gained mutation: You are partially covered in iridescent
                  | scales. (AC +2) [potion of mutation]
  2143 | D:5      | Gained mutation: Your body sometimes deteriorates upon
                  | taking damage. [potion of mutation]
  2143 | D:5      | Gained mutation: You are frail. (-10% HP) [potion of
                  | mutation]
  2143 | D:5      | Gained mutation: Your mind is acute. (Int +2) [potion of
                  | mutation]
  2173 | D:5      | Mangled by a hornet

Illustrated notes

Levels and vault maps discovered:
D:1:      amcnicky_arrival_gap_in_the_tavern_cellar, layout_loops_cross
D:2:      layout_basic, basic_ecumenical_altar, uniq_robin, uniq_natasha,
          uniq_terence
D:3:      layout_basic
D:4:      layout_basic, zin_statuary, mainiacjoe_overflow_tiny_flanked
D:5:      cheibrodos_fzero, layout_loops_ring, grunt_temple_overflow_open,
          uniq_duvessa

Skill      XL: |  1  2  3  4  5  6 |
---------------+-------------------+-----
Fighting       | 4 |  4.5
Armour         | 4 |  4.6
Shields        | 4 |  4.6
Summonings     | 2 3 |  3.4
Maces & Flails | |  2.0

Action                   |  1- 3 |  4- 6 || total
-------------------------+-------+-------++-------
Melee: Flail             |    73 |       ||    73
       Mace              |    14 |   100 ||   114
  Use: Scroll            |     7 |       ||     7
       Potion            |     1 |     3 ||     4
Armor: Scale mail        |    73 |    79 ||   152
Dodge: Dodged            |    36 |    38 ||    74
Block: Kite shield       |    51 |    70 ||   121
